 Dungeon Crawl Stone Soup version 0.29.0-4-gdea44cf6ec (webtiles) character file.

Game seed: 6891686678288478219

44 qw the Chopper (level 3, -2/21 HPs)
             Began as a Tengu Warper on Aug 28, 2022.
             Succumbed to Sigmund's poison
             ... on level 2 of the Dungeon.
             The game lasted 00:00:08 (1689 turns).

qw the Chopper (Tengu Warper)                       Turns: 1689, Time: 00:00:09

Health: -2/21      AC:  9    Str: 13    XL:     3   Next: 62%
Magic:  7/7        EV: 11    Int: 13    God:
Gold:   73         SH:  0    Dex: 13    Spells: 6/6 levels left

rFire   . . .      SeeInvis .   Y - +0 hand axe
rCold   . . .      Faith    .   (no shield)
rNeg    . . .      Spirit   .   d - +4 ring mail
rPois   .          Reflect  .   (helmet restricted)
rElec   .          Harm     .   (no cloak)
rCorr   .          Rampage  .   (no gloves)
Will    .....                   (boots unavailable)
Stlth   +.........              (no amulet)
HPRegen 0.07/turn               (no ring)
MPRegen 0.10/turn               (no ring)

@: lethally poisoned (-2 -> -26)
A: beak, talons 3
a: no special abilities


You were on level 2 of the Dungeon.
You visited 1 branch of the dungeon, and saw 2 of its levels.

You collected 73 gold pieces.


Innate Abilities, Weirdness & Mutations

You have a beak for a mouth.
You have claws for feet.


   Skills:
 - Level 2.0 Fighting
 + Level 4.3 Axes
 - Level 1.0 Throwing
 - Level 1.1 Armour
 - Level 2.1 Dodging
 - Level 2.0 Spellcasting
 - Level 2.4 Translocations


You had 6 spell levels left.
You didn't know any spells.
Your spell library contained the following spells:

 Spells                   Type           Power      Damage    Failure   Level
 Blink                    Tloc           14%        N/A       30%         2
 Gell's Gravitas          Tloc           7%         N/A       52%         3
 Lesser Beckoning         Tloc           7%         N/A       52%         3
 Teleport Other           Tloc           7%         N/A       52%         3
 Manifold Assault         Tloc           7%         N/A       99%         5

Inventory:

Hand Weapons
 f - a +0 whip
 Y - a +0 hand axe (weapon)
Armour
 c - the +3 chain mail of the Eight Boll Weevils {rC+ Str+4 Stlth+}
   (You took it off a kobold on level 2 of the Dungeon)

   Str:       It affects your strength (+4).
   rC:        It protects you from cold.
   Stlth:     It makes you more stealthy.
 d - a +4 ring mail (worn)
Scrolls
 a - a scroll of poison {unknown}
 b - a scroll of identify {unknown}
 e - a scroll of vulnerability {unknown}
Potions
 g - a potion of degeneration {unknown}
 i - a potion of curing {unknown}
 j - a potion of lignification {unknown}
 k - a potion of haste {unknown}

Dungeon Overview and Level Annotations

Branches:
Dungeon (2/15)

Altars:

Annotations:
D:2 Sigmund


Message History

You barely miss the goblin.
The goblin is severely wounded.
The goblin hits you but does no damage.
You hit the goblin.
You kill the goblin!
a - a scroll labelled PIACUU TIWE
Things that are here:
a +0 dagger; a +0 sling
There is a stone staircase leading down here.
There is a stone staircase leading down here.
A hobgoblin comes into view.
The hobgoblin shouts!
Sigmund the Dreaded comes into view.
He is wielding a +1 scythe of venom.
The hobgoblin moves out of view.
Enter note:
1678 ||| Stepping ~*~*~tactically~*~*~ (stealth).
You hit the hobgoblin.
You claw the hobgoblin, but do no damage.
The hobgoblin is lightly wounded.
The hobgoblin closely misses you.
You slash the hobgoblin!
You kill the hobgoblin!
Sigmund closely misses you. Sigmund barely misses you.
You barely miss Sigmund. Your peck misses Sigmund. You closely miss Sigmund.
Your kick misses Sigmund. You peck Sigmund.
Sigmund is lightly wounded.
Sigmund hits you with a +1 scythe of venom.
You barely miss Sigmund. You peck Sigmund.
Sigmund is lightly wounded.
Sigmund hits you with a +1 scythe of venom.
You are lethally poisoned!
You hit Sigmund. You claw Sigmund. Your peck misses Sigmund.
Sigmund is heavily wounded.
You feel very sick.
Sigmund hits you with a +1 scythe of venom.
You are more poisoned.
You closely miss Sigmund. Your peck misses Sigmund.
Sigmund is heavily wounded.
You die...

#.# #####.##
#.# #.# #.#
#.# #.# #.##
#.# #... . #.#
#### ...## #.#
......### #.#
......@@####.#
......##.#...#
..... #...###
.... #.#.....#
... #...~~..#
#. #...~}~...#
# .....~..#.#
............
###
.......#...##
...


You could see Sigmund.

Vanquished Creatures
  An adder (D:2)
  A worm (D:2)
  A dart slug (D:1)
  An endoplasm (D:1)
  2 giant cockroaches (D:1)
  4 goblins
  5 hobgoblins
  2 jackals (D:2)
  4 kobolds
  2 ball pythons (D:1)
  2 bats (D:1)
  2 rats (D:1)
27 creatures vanquished.

Notes
Turn   | Place    | Note
-------+----------+-------------------------------------------
     0 | D:1      | qw the Tengu Warper began the quest for the Orb.
     0 | D:1      | Reached XP level 1. HP: 12/12 MP: 4/4
     0 | D:1      | 0 ||| qw: Version: 0.1-a-89-g26bdef1
     0 | D:1      | 0 ||| qw: Game counter: 2381
     0 | D:1      | 0 ||| qw: Always use a shield: true
     0 | D:1      | 0 ||| qw: God list: Okawaru
     0 | D:1      | 0 ||| qw: Allow faded altars: false
     0 | D:1      | 0 ||| qw: Do Orc after D:15 true
     0 | D:1      | 0 ||| qw: Do second Lair branch before Depths: true
     0 | D:1      | 0 ||| qw: Lair rune preference: random
     0 | D:1      | 0 ||| qw: Plans: Normal
     0 | D:1      | 0 ||| PLANNING D:1-11
   222 | D:1      | Reached skill level 3 in Axes
   222 | D:1      | Reached XP level 2. HP: 17/17 MP: 6/6
   656 | D:1      | Found a faded altar of an unknown god.
  1175 | D:1      | 1175 ||| UPGRADING to +4 ring mail.
  1185 | D:1      | 1185 ||| DROPPING +0 leather armour.
  1186 | D:1      | 1186 ||| READING 2 scrolls labelled AZOERGH LAXZESU.
  1190 | D:1      | 1190 ||| READING 2 scrolls labelled XYL KOIRREOCOTA.
  1191 | D:1      | 1191 ||| DRINKING 2 golden potions.
  1192 | D:1      | 1192 ||| DROPPING scroll of blinking.
  1193 | D:1      | 1193 ||| DROPPING scroll of noise.
  1215 | D:2      | 1215 ||| STAIRDANCE
  1294 | D:2      | 1294 ||| Stepping ~*~*~tactically~*~*~ (stealth).
  1296 | D:2      | 1296 ||| Stepping ~*~*~tactically~*~*~ (stealth).
  1303 | D:2      | Reached XP level 3. HP: 21/21 MP: 7/7
  1357 | D:2      | 1357 ||| DROPPING +0 club.
  1403 | D:2      | Identified the +3 chain mail of the Eight Boll Weevils {rC+
                  | Str+4 Stlth+}
  1409 | D:2      | 1409 ||| FLEEEEING.
  1410 | D:2      | 1410 ||| Stepping ~*~*~tactically~*~*~ (stealth).
  1458 | D:2      | HP: 3/21 [worm (7)]
  1459 | D:2      | 1459 ||| READING scroll of teleportation.
  1460 | D:2      | 1460 ||| DRINKING potion of heal wounds.
  1464 | D:2      | Reached skill level 4 in Axes
  1563 | D:2      | 1563 ||| Stepping ~*~*~tactically~*~*~ (hiding).
  1677 | D:2      | Noticed Sigmund
  1678 | D:2      | 1678 ||| Stepping ~*~*~tactically~*~*~ (stealth).
  1688 | D:2      | HP: 3/21 [Sigmund/+1 scythe of venom (4)]
  1689 | D:2      | Succumbed to Sigmund's poison

Levels and vault maps discovered:
D:1:      saegor_arrival_miasma, layout_basic,
          hellmonk_ecumenical_altar_defaced_shrine
D:2:      layout_loops_ring, serial_shops,
          nicolae_shop_temple_entry_statues_fountains, corexii_leaking_fountain,
          uniq_sigmund, uniq_terence

Skill      XL: |  1  2  3 |
---------------+----------+-----
Axes           | 3 4 |  4.3
Fighting       | |  2.0
Throwing       | |  1.0
Armour         | |  1.1
Dodging        | |  2.1
Spellcasting   | |  2.0
Translocations | |  2.4

Action                   || total
-------------------------++-------
Melee: Hand axe          ||    83
       Kick              ||    20
       Peck              ||    10
Throw: Boomerang         ||     7
  Use: Scroll            ||     3
       Potion            ||     2
Armor: Leather armour    ||     9
       Ring mail         ||    22
Dodge: Dodged            ||    39

Table legend:
 A = Non-vault XP
 B = Vault XP
 C = Vault XP percentage of total XP
 D = Non-vault monster count
 E = Vault monster count
 F = Vault count percentage of total count
                 A         B        C        D         E       F
            +---------+---------+-------+---------+---------+-------
      Total |      62 |       2 |   3.1 |      26 |       1 |   3.7
            +---------+---------+-------+---------+---------+-------
        D:1 |      28 |       2 |   6.7 |      16 |       1 |   5.9
        D:2 |      34 |       0 |   0.0 |      10 |       0 |   0.0
            +---------+---------+-------+---------+---------+-------
